 Dungeon Crawl Stone Soup version 0.16-a0-3210-ge5ae1c3 (webtiles) character file.

276 MackTheKnife the Slinger (level 6, -2/39 HPs)
             Began as a Halfling Hunter on Dec 19, 2014.
             Killed by nerve-wracking pain
             ... invoked by Grinder
              (10 damage)
             ... on level 3 of the Dungeon.
             The game lasted 00:08:27 (3253 turns).

MackTheKnife the Slinger (Halfling Hunter)          Turns: 3253, Time: 00:08:28

Health: -2/39      AC:  4    Str: 17    XL:     6   Next: 50%
Magic:  6/6        EV: 15    Int: 15    God:
Gold:   85         SH:  0    Dex: 16    Spells: 0 memorised, 5 levels left

rFire  + . .     SeeInvis .     b - +1 hunting sling
rCold  + + +     Clarity  .     t - +1 leather armour {rC+}
rNeg   + . .     SustAb   .     (no shield)
rPois  +         Gourm    .     (no helmet)
rElec  +         Spirit   .     (no cloak)
rCorr  +         Warding  +     (no gloves)
rMut   .         Stasis   .     (no boots)
MR     .....                    q - amulet of warding
Stlth  ++........               d - +4 ring of intelligence
                                r - ring of protection from cold

@: mighty, resistant, not resistant to hostile enchantments, unstealthy
A: mutation resistance 1
a: no special abilities


You were on level 3 of the Dungeon.
You were not hungry.

You visited 1 branch of the dungeon, and saw 3 of its levels.

You collected 85 gold pieces.


Innate Abilities, Weirdness & Mutations

You are small and have problems with some larger weapons.
You are somewhat resistant to further mutation.


   Skills:
 + Level 2.0 Fighting
 - Level 10.2 Slings
 + Level 2.4 Dodging
 - Level 1.1 Stealth


You had 5 spell levels left.
You didn't know any spells.

Inventory:

Hand weapons
 a - a +1 hand axe of flaming
 b - a +1 hunting sling (weapon)
Missiles
 c - 8 sling bullets (quivered)
 h - 91 stones
Armour
 t - a +1 leather armour of cold resistance (worn)
Jewellery
 d - a +4 ring of intelligence (right hand)
 q - an amulet of warding (around neck)
 r - a ring of protection from cold (left hand)
Scrolls
 e - 2 scrolls of teleportation
 k - 3 scrolls of identify
 u - a scroll of amnesia
Potions
 g - a potion of magic
 j - 2 potions of curing
 n - a potion of flight
 o - a potion of poison {unknown}
 s - a potion of resistance
Comestibles
 f - 5 bread rations
 l - 3 meat rations
 m - 4 fruits

##################.....###.#.#
..........).##......#### #.#.#
###########............# #.#.#
#..#......##.# #.#.####
#[.#......##.# #.#.##..
#..#########.###.#.##.# ##
#..#########)#...#.##.# ..
#..#......##)#.###.#..# ..
#..#..p...##.#.#......#
#..#......##)#.#.#....#
#(..5...(..#.)...##...#
#.##.....g(#.######...# #.
#######(#..........# #.
g#########..# #. #########...
#. #......#... #. #.####.#.#.


You could see Grinder and 2 gnolls.


Message History

The gnoll is lightly wounded.
The gnoll closely misses you.
A gnoll comes into view. It is wielding a halberd.
Quiver which item? (- for none, * to show all) (? for menu, Esc to quit)
Quivering
c - 9 sling bullets for slings.
Firing (i - inventory. (,) - cycle):
c - 9 sling bullets (quivered)
Aim: a gnoll, wielding a halberd (lightly wounded)
You shoot a sling bullet. The sling bullet hits the gnoll.
The gnoll is heavily wounded.
Grinder gestures at you.
You suddenly lose the ability to move!
The gnoll hits you from afar with a halberd!
Grinder hits you.
The gnoll hits you from afar with a halberd.
* * * LOW HITPOINT WARNING * * *
Grinder hits you.
* * * LOW HITPOINT WARNING * * *
Grinder barely misses you.
The gnoll hits you from afar with a halberd.
* * * LOW HITPOINT WARNING * * *
Grinder gestures.
Grinder blinks!
The gnoll barely misses you.
You can move again.
Unknown command.
Grinder gestures at you. Pain shoots through your body!
* * * LOW HITPOINT WARNING * * *
Grinder gestures at you. Pain shoots through your body!
You die...

Action                   |  1- 3 |  4- 6 || total
-------------------------+-------+-------++-------
Melee: Short sword       |    10 |       ||    10
       Mace              |     3 |       ||     3
       Falchion          |    36 |    77 ||   113
       Hand axe          |       |    19 ||    19
 Fire: Hunting sling     |    21 |   126 ||   147
  Use: Scroll            |       |     9 ||     9
       Potion            |       |     5 ||     5
  Eat: Chunk             |     1 |     6 ||     7

Vault maps used:
D:1:      dpeg_arrival_triangle_fractal, evilmike_ruin_ashenzari
D:2:      first_bread
D:3:      uniq_grinder

Notes
Turn   | Place    | Note
--------------------------------------------------------------
     0 | D:1      | MackTheKnife, the Halfling Hunter, began the quest for the Orb.
     0 | D:1      | Reached XP level 1. HP: 14/14 MP: 1/1
   197 | D:1      | Reached skill level 6 in Slings
   265 | D:1      | Found a shattered altar of Ashenzari.
   451 | D:1      | Reached XP level 2. HP: 19/19 MP: 2/2
   874 | D:2      | Reached skill level 7 in Slings
   874 | D:2      | Reached XP level 3. HP: 24/24 MP: 3/3
  1210 | D:2      | Reached XP level 4. HP: 29/29 MP: 4/4
  1235 | D:2      | Reached skill level 8 in Slings
  1390 | D:2      | Reached XP level 5. HP: 32/34 MP: 5/5
  1953 | D:2      | Reached skill level 9 in Slings
  2618 | D:3      | Reached XP level 6. HP: 17/39 MP: 6/6
  2637 | D:3      | Reached skill level 10 in Slings
  3226 | D:3      | Reached skill level 2 in Fighting
  3238 | D:3      | Noticed Grinder
  3247 | D:3      | Paralysed by Grinder for 4 turns
  3253 | D:3      | Killed from afar by Grinder

Vanquished Creatures
  2 orc priests (D:3)
  An orc wizard (D:2)
  4 gnolls
  8 adders
  3 worms
  A giant gecko (D:3)
  12 orcs (D:3)
  A bat (D:2)
  8 hobgoblins
  2 quokkas (D:2)
  A ball python (D:1)
  3 giant newts
  8 goblins
  6 kobolds
  8 rats
68 creatures vanquished.
